 Dungeon Crawl Stone Soup version 0.29.1-1-gd02db6906a (webtiles) character file.

Game seed: 5297054729828310494

29 experimilk the Firebug (level 3, 26/26 HPs)
             Began as a Draconian Fire Elementalist on Oct 22, 2022.
             Got out of the dungeon alive.
             The game lasted 00:09:25 (1590 turns).

experimilk the Firebug (DrFE)                       Turns: 1590, Time: 00:09:25

Health: 26/26      AC:  6    Str: 12    XL:     3   Next: 1%
Magic:  6/6        EV: 12    Int: 15    God:
Gold:   120        SH:  0    Dex: 11    Spells: 3/6 levels left

rFire   . . .      SeeInvis .   c - +0 dagger
rCold   . . .      Faith    .   (no shield)
rNeg    . . .      Spirit   .   (body armour unavailable)
rPois   .          Reflect  .   (helmet restricted)
rElec   .          Harm     .   d - +0 cloak
rCorr   .          Rampage  .   (no gloves)
Will    .....                   (no boots)
Stlth   ++........              (no amulet)
HPRegen 0.08/turn               (no ring)
MPRegen 0.10/turn               (no ring)

@: no status effects
A: AC +5, unfitting armour, cold-blooded
a: no special abilities


You escaped.
You visited 1 branch of the dungeon, and saw 1 of its levels.

You collected 120 gold pieces.

Inventory:

Hand Weapons
 c - a +0 dagger (weapon)
Armour
 d - a +0 cloak (worn)
Jewellery
 e - a ring of protection from cold
Scrolls
 b - a scroll of enchant weapon {unknown}
Potions
 a - a potion of magic
 f - 2 potions of flight {unknown}
 g - a potion of berserk rage {unknown}
 h - a potion of lignification {unknown}
 i - a potion of resistance {unknown}
 j - 2 potions of curing {unknown}


   Skills:
 - Level 1.7 Dodging
 - Level 1.7 Stealth
 - Level 2.0 Spellcasting
 - Level 1.0 Conjurations
 + Level 4.2 Fire Magic


You had 3 spell levels left.
You knew the following spells:

 Your Spells              Type           Power      Damage    Failure   Level
a - Foxfire               Conj/Fire      36%        2x1d5     8%          1
z - Scorch                Fire           28%        2d6       6%          2

Your spell library contained the following spells:

 Spells                   Type           Power      Damage    Failure   Level
 Beastly Appendage        Tmut           2%         N/A       22%         1
 Conjure Flame            Conj/Fire      9%         6-21      22%         3
 Inner Flame              Hex/Fire       7%         N/A       28%         3
 Wereblood                Tmut           1%         N/A       32%         2
 Spider Form              Tmut/Pois      1%         N/A       54%         3
 Flame Wave               Conj/Fire      9%         2d6       58%         4


Dungeon Overview and Level Annotations

Branches:
Dungeon (1/15)

Altars:

Shops:
D:1 :*[


Innate Abilities, Weirdness & Mutations

Your plain brown scales are hard. (AC +5)
You cannot fit into any form of body armour.
You are cold-blooded and may be slowed by cold attacks.


Message History

j - an inky potion A kobold comes into view.
It is wielding a +0 whip.
The kobold throws a stone.
The stone closely misses you.
The kobold throws a stone.
The stone hits you but does no damage. The kobold hits you with a +0 whip.
Casting: Scorch (safe; 6% risk of failure)
Confirm with . or Enter, or press ? or * to list all spells.
Flames lash the kobold.
You kill the kobold!
You start resting.
Magic restored.
j - 2 inky potions (gained 1)
You now have 120 gold pieces (gained 14).
Things that are here:
a +0 whip; 2 stones; a kobold corpse
There is an open door here.
You start resting.
HP restored.
There is an open door here.
Found Gucw's Book Boutique.
A giant cockroach comes into view.
Casting: Scorch (safe; 6% risk of failure)
Confirm with . or Enter, or press ? or * to list all spells.
Flames lash the giant cockroach.
You kill the giant cockroach!
You have reached level 3!
Your experience leads to an increase in your attributes!
Increase (S)trength, (I)ntelligence, or (D)exterity?
You feel stronger. x2; Your scales feel tougher.
You start resting.
Magic restored.
There is an entrance to Gucw's Book Boutique here.
You can access your shopping list by pressing '$'.
There is an open door here.
There is an open door here.
Things that are here:
a +0 whip; 2 stones; a kobold corpse
There is a staircase leading out of the dungeon here.
Are you sure you want to leave the Dungeon?
This will make you lose the game!
You have escaped!

#.#.#.#>#.#.##.#
#.#.#.###.#.##.#
#.#...†#....##.#
#.#...###...##.#
#.#.### ###....#
#.#.## ##...###
#...>## #.#..#
###.#.# ##>.##
#.@## ##.# #.###
###(#
#...###...#
#...†#....#
#.#.###.#.#
#.#.#>#.#.#
#.........#
###########


There were no monsters in sight!

Vanquished Creatures
  2 dart slugs (D:1)
  2 ball pythons (D:1)
  2 endoplasms (D:1)
  A giant cockroach (D:1)
  4 hobgoblins (D:1)
  2 quokkas (D:1)
  4 bats (D:1)
  3 kobolds (D:1)
  5 rats (D:1)
25 creatures vanquished.

Vanquished Creatures (others)
  63 foxfires (D:1)
63 creatures vanquished.

Grand Total: 88 creatures vanquished

Notes
Turn   | Place    | Note
-------+----------+-------------------------------------------
     0 | D:1      | experimilk the Draconian Fire Elementalist began the quest
                  | for the Orb.
     0 | D:1      | Reached XP level 1. HP: 14/14 MP: 3/3
   302 | D:1      | Found a faded altar of an unknown god.
   408 | D:1      | Reached XP level 2. HP: 10/20 MP: 0/5
   644 | D:1      | Learned a level 2 spell: Scorch
   852 | D:1      | Found Vaonawn's General Store.
   942 | D:1      | Reached skill level 4 in Fire Magic
  1033 | D:1      | Found Onig's Antique Armour Emporium.
  1462 | D:1      | Found Gucw's Book Boutique.
  1470 | D:1      | Reached XP level 3. HP: 26/26 MP: 3/6
  1590 | D:$      | Got out of the dungeon alive.

Illustrated notes

Levels and vault maps discovered:
D:1:      onia_arrival_handbag, layout_basic, ebering_ecumenical_altar_ruins,
          serial_shops, shop, nicolae_shop_stone, nicolae_square_shop,
          nicolae_diamond_shop

Skill      XL: |  1  2 |
---------------+-------+-----
Fire Magic     | 4 |  4.2
Dodging        | |  1.7
Stealth        | |  1.7
Spellcasting   | |  2.0
Conjurations   | |  1.0

Action                   || total
-------------------------++-------
Melee: Dagger            ||    16
       Unarmed           ||     1
       Tailslap          ||     1
       Punch             ||     1
 Cast: Foxfire           ||    39
       Scorch            ||     6
Armor: Skin              ||     6
Dodge: Dodged            ||    15
